 Dungeon Crawl Stone Soup version 0.28-a0-1087-gf3fc490d9d (console) character file.

Game seed: 5717654724065203886

86 petzl the Vexing (level 4, 0/29 HPs)
             Began as an Octopode Arcane Marksman on Dec 10, 2021.
             Killed from afar by an orc wizard (9 damage)
             ... with a magic dart
             ... on level 3 of the Dungeon.
             The game lasted 00:04:49 (2915 turns).

petzl the Vexing (Octopode Arcane Marksman)         Turns: 2915, Time: 00:04:50

Health: 0/29       AC:  1    Str:  9    XL:     4   Next: 50%
Magic:  5/6        EV: 10    Int: 17    God:
Gold:   110        SH:  0    Dex: 12    Spells: 2/6 levels left

rFire   . . .      SeeInvis .   a - +0 short sword
rCold   . . .      Faith    .   (no shield)
rNeg    . . .      Spirit   .   (helmet restricted)
rPois   .          Reflect  .   (no amulet)
rElec   .          Harm     .   (no ring)
rCorr   .          Rampage  .   (no ring)
Will    .....                   (no ring)
Stlth   +++.......              (no ring)
HPRegen 0.09/turn               (no ring)
MPRegen 0.10/turn               (no ring)
                                (no ring)
                                (no ring)

@: constricted
A: almost no armour, amphibious, 8 rings, camouflage 1, gelatinous body 1,
(nimble swimmer 1), tentacles
a: no special abilities


You were on level 3 of the Dungeon.
You visited 1 branch of the dungeon, and saw 3 of its levels.

You collected 110 gold pieces.

Inventory:

Hand Weapons
 a - a +0 short sword (weapon)
 b - a +0 hand crossbow
Missiles
 c - 40 bolts
Wands
 j - a wand of charming (13)
Scrolls
 e - 2 scrolls of blinking {unknown}
 f - a scroll of fog {unknown}
 g - a scroll of immolation {unknown}
 h - 6 scrolls of identify {unknown}
 i - a scroll of amnesia {unknown}


   Skills:
 + Level 1.9 Fighting
 * Level 2.7 Crossbows
 + Level 2.6 Dodging
 + Level 2.3 Stealth
 + Level 1.8 Spellcasting
 * Level 0.1 Conjurations
 - Level 3.0 Hexes
 * Level 0.1 Fire Magic


You had 2 spell levels left.
You knew the following spells:

 Your Spells              Type           Power      Damage    Failure   Level
a - Slow                  Hex            44%        N/A       6%          1
b - Conjure Flame         Conj/Fire      2%         6-21      50%         3

Your spell library contained the following spells:

 Spells                   Type           Power      Damage    Failure   Level
 Foxfire                  Conj/Fire      8%         2x1d4     19%         1
 Inner Flame              Hex/Fire       6%         N/A       30%         3
 Portal Projectile        Hex/Tloc       12%        N/A       32%         3
 Cause Fear               Hex            5%         N/A       50%         4
 Flame Wave               Conj/Fire      2%         2d4       88%         4


Dungeon Overview and Level Annotations

Branches:
Dungeon (3/15)

Altars:

Annotations:
D:2 exclusion: 2 downstairs
D:3 Sigmund


Innate Abilities, Weirdness & Mutations

You cannot wear most types of armour.
You are amphibious.
You can wear up to eight rings at the same time.
Your skin changes colour to match your surroundings (Stealth+).
Your rubbery body absorbs attacks. (AC +1, EV +1)
((You are camouflaged near water. (Stealth+)))
You have tentacles for arms and can constrict up to eight enemies at once.


Message History

Okay, then.
You are too confused!
Unknown command.
Unknown command.
The orc wizard casts a spell at you. The magic dart hits you!
The orc wizard hits you with a +0 dagger.
You miss the orc wizard. The orc wizard casts a spell at you.
You are more confused.
You miss the orc wizard. The orc wizard casts a spell at you.
The magic dart hits you! The orc wizard misses you.
It was a potion of heal wounds.
You feel much better. The orc wizard barely misses you.
You're too confused to move!
A ball python comes into view.
The orc wizard hits you with a +0 dagger.
You miss the orc wizard.
The ball python hisses angrily.
The orc wizard points at you and mumbles some strange words.
The magic dart hits you.
You hit the orc wizard. Your squeeze misses the orc wizard.
The orc wizard is moderately wounded.
The orc wizard casts a spell.
The orc wizard flickers and vanishes!
Deactivating autopickup; reactivate with Ctrl-A.
You're too confused to attack without stumbling around!
You're too confused to attack without stumbling around!
You're too confused to attack without stumbling around!
You barely miss something. Something hits you. x2
You feel less confused. The ball python bites you. The ball python grabs you.
The ball python constricts you.
You closely miss the ball python. Your grab misses the ball python.
The ball python closely misses you. The ball python constricts you.
Something hits you.
You closely miss the ball python. Your grab misses the ball python.
The ball python bites you. The ball python constricts you.
You hear some strange, mumbled words.
A magic dart appears from out of thin air!
The magic dart hits you!
You die...

...
#...................#
##
######.####.####....#
#.# #)# #....# #.# #.#
#....# #
#.####)####....#
#.##........#######
#...........#
#..#........#
#..#........# ##.
#........# ...
#.######## #.# #.# ...
..# ###
#.##############
#...#.#......o.....#
#...#.#.##########.#
#..................#
......#{#.#########..#
..... #.@........##..#
#######.S.....##.##..#
............##....<#
######...)..########
................
####...#..######
#..###.# ##.. ..# ...
.## ... . ...


You could see a ball python.

Vanquished Creatures
  2 adders (D:3)
  2 worms (D:2)
  2 dart slugs (D:1)
  4 orcs
  5 endoplasms
  A giant cockroach (D:2)
  6 goblins
  8 hobgoblins
  2 jackals (D:3)
  4 kobolds
  A quokka (D:1)
  5 bats
  4 frilled lizards
  4 rats
50 creatures vanquished.

Notes
Turn   | Place    | Note
-------+----------+-------------------------------------------
     0 | D:1      | petzl the Octopode Arcane Marksman began the quest for the
                  | Orb.
     0 | D:1      | Reached XP level 1. HP: 13/13 MP: 2/2
   485 | D:1      | Reached XP level 2. HP: 18/18 MP: 3/3
   493 | D:1      | Reached skill level 1 in Stealth
   967 | D:1      | Reached XP level 3. HP: 16/23 MP: 5/5
  2084 | D:2      | Reached XP level 4. HP: 29/29 MP: 6/6
  2466 | D:3      | Noticed Sigmund
  2562 | D:3      | Learned a level 3 spell: Conjure Flame
  2915 | D:3      | Killed from afar by an orc wizard

Illustrated notes

Levels and vault maps discovered:
D:1:      minmay_arrival_wavy_path, layout_loops_corners, serial_forest,
          infiniplex_forest_lined_1, infiniplex_forest_corner_2,
          infiniplex_forest_lined_3, infiniplex_forest_clump_tiny,
          infiniplex_forest_straight_2, infiniplex_forest_lined_3
D:2:      layout_basic
D:3:      layout_basic, nicolae_ecumenical_snake_handling,
          ebering_ghost_sewer_f, chequers_arboretum, uniq_sigmund, uniq_terence

Skill      XL: |  1  2  3 |
---------------+----------+-----
Stealth        | 1 2 |  2.3
Fighting       | |  1.9
Crossbows      | |  2.7
Dodging        | |  2.6
Spellcasting   | |  1.8
Conjurations   | |  0.1
Hexes          | |  3.0
Fire Magic     | |  0.1

Action                   |  1- 3 |  4- 6 || total
-------------------------+-------+-------++-------
Melee: Short sword       |       |    17 ||    17
       Constrict         |       |     4 ||     4
       Tentacles         |       |     2 ||     2
 Fire: Hand crossbow     |    89 |    15 ||   104
 Cast: Slow              |     1 |    10 ||    11
  Use: Potion            |       |     1 ||     1
Armor: Skin              |     5 |     3 ||     8
Dodge: Dodged            |    15 |     8 ||    23

Table legend: (Time is in decaauts)
 A = Elapsed time spent in this place.
 B = Non-inter-level travel time spent in this place.
 C = Inter-level travel time spent in this place.
 D = Time resting spent in this place.
 E = Time spent auto-exploring this place.
 F = Levels seen in this place.
 G = Mean time per level.
                   A        B        C        D        E       F      G
               +--------+--------+--------+--------+--------+-----+--------+
         Total |   2953 |   2769 |    184 |    580 |   1767 |   3 |  984.3 |
       Dungeon |   2953 |   2769 |    184 |    580 |   1767 |   3 |  984.3 |
               +--------+--------+--------+--------+--------+-----+--------+

Top non-repeatable levels by time:
     D:1: 1535 daAuts
     D:2: 1117 daAuts
     D:3: 300 daAuts
